Winnipeg Jets vs Ottawa Senators

Created - dimanche 10 février 2019 at 04:41

Goals
1 2 3 OT1 T
Winnipeg Jets 1 0 0 0 1
Ottawa Senators 0 0 1 1 2
Shots
1 2 3 OT1 T
Winnipeg Jets 7 3 4 3 17
Ottawa Senators 14 8 13 6 41

1st period

1. Winnipeg Jets , Phil Kessel 23 (Evander Kane 15, Patrik Laine 15) at 7:44

Penalties :
Evander Kane (WPG) for Hooking (Minor) at 19:02

2nd period

No Goal

Penalties :
Evander Kane (WPG) for Tripping (Minor) at 10:53, Ben Chiarot (WPG) for Hooking (Minor) at 15:41, Ben Chiarot (WPG) for Cross-checking (Minor) at 18:03

3rd period

2. Ottawa Senators , Tom Pyatt 3 (Ryan Dzingel 20, Thomas Chabot 5) at 13:20

Penalties :
Sami Vatanen (OTT) for Slashing (Minor) at 7:12

Overtime #1

3. Ottawa Senators , Mark Stone 10 (Cody Ceci 14, Nikita Kucherov 28) at 4:01

Penalties :
No Penalty

Goalie Stats

Connor Hellebuyck (WPG), 39 saves from 41 shots - (0.951), OTL, 22-20-8, 64:01 minutes
Ben Bishop (OTT), 16 saves from 17 shots - (0.941), W, 34-13-7, 64:01 minutes

Players Stats for Winnipeg Jets

Player Name              G  A  P  +/- PIM S  H  SB GA TA FO     MP     PP MP  PK MP  
------------------------------------------------------------------------------------
Adam Lowry               0  0  0   0  0   2  2  1  0  0  6/14   18:22   0:00   3:33 
Andrew Copp              0  0  0   0  0   0  2  2  1  0  1/8    12:17   0:00   3:36 
Beau Bennett             0  0  0   0  0   0  0  0  0  1  0/0    10:11   0:03   1:43 
Ben Chiarot              0  0  0   0  4   0  3  1  0  2  0/0    20:55   1:13   0:00 
Blake Wheeler            0  0  0  -1  0   1  2  1  0  2  1/1    25:42   0:57   3:29 
Brayden McNabb           0  0  0   0  0   0  0  0  0  0  0/0     6:02   0:00   3:15 
Dennis Seidenberg        0  0  0   0  0   0  1  1  0  0  0/0    12:50   0:00   0:00 
Evander Kane             0  1  1   1  4   1  0  0  2  1  0/0    16:55   0:57   0:07 
Jack Eichel              0  0  0  -1  0   1  1  0  0  0  9/23   20:43   1:02   3:22 
Jacob Trouba             0  0  0   0  0   1  1  2  0  1  0/0    22:26   0:46   3:05 
Josh Morrissey           0  0  0   0  0   1  2  2  0  0  0/0    21:14   0:46   4:41 
Marc Methot              0  0  0   0  0   1  1  0  0  0  0/0    17:41   0:00   4:41 
Martin Frk               0  0  0   0  0   0  0  1  0  0  0/0    13:50   0:00   0:00 
Mathieu Perreault        0  0  0   1  0   1  0  0  0  0  3/9    15:20   0:03   0:02 
Nikolaj Ehlers           0  0  0   0  0   2  4  0  1  1  0/0    15:16   0:59   0:00 
Patrik Laine             0  1  1  -2  0   1  2  0  0  1  0/0    15:44   0:59   0:00 
Phil Kessel              1  0  1   0  0   2  0  0  0  0  1/1    16:13   0:57   0:00 
Shayne Gostisbehere      0  0  0  -1  0   3  0  1  2  0  0/0    22:22   1:13   0:10 

Players Stats for Ottawa Senators

Player Name              G  A  P  +/- PIM S  H  SB GA TA FO     MP     PP MP  PK MP  
------------------------------------------------------------------------------------
Brandon Saad             0  0  0   0  0   1  1  0  1  0  0/1    17:20   3:59   0:00 
Brayden Schenn           0  0  0   0  0   3  5  0  1  0  6/11   21:33   4:00   1:02 
Charlie Coyle            0  0  0   0  0   4  3  0  2  0  0/0    17:38   3:59   0:15 
Chris Wideman            0  0  0   0  0   0  5  0  0  0  0/0    19:55   4:30   0:54 
Cody Ceci                0  1  1   1  0   0  3  1  0  0  0/0    22:23   0:00   0:36 
Dion Phaneuf             0  0  0   0  0   1  2  1  0  0  0/0    18:45   0:00   1:05 
Dylan Larkin             0  0  0   0  0   3  0  0  2  0  13/22  18:55   3:55   0:00 
Erik Karlsson            0  0  0   0  0   6  0  2  0  1  0/0    24:52   3:26   1:01 
Jean-Gabriel Pageau      0  0  0   1  0   2  2  1  0  1  13/17  14:07   0:02   0:50 
Mark Stone               1  0  1   1  0   6  0  0  0  0  0/1    19:31   3:55   0:00 
Michael Cammalleri       0  0  0  -1  0   0  1  0  0  0  3/4    10:45   0:00   0:54 
Nail Yakupov             0  0  0  -1  0   0  5  0  0  0  0/0     9:51   0:00   0:00 
Nikita Kucherov          0  1  1   1  0   6  3  0  0  0  0/0    20:28   3:55   0:57 
Ryan Dzingel             0  1  1   1  0   4  5  0  1  1  0/0    13:15   0:03   0:00 
Sami Vatanen             0  0  0   0  2   1  1  0  1  0  0/0    18:57   3:26   0:00 
Thomas Chabot            0  1  1   0  0   1  1  0  0  2  0/0    19:08   4:30   0:22 
Tom Pyatt                1  0  1   1  0   3  2  1  1  0  0/0    12:49   0:00   0:00 
Tyson Jost               0  0  0  -1  0   0  1  0  0  1  0/0     9:51   0:00   0:00 

3 Stars

1 - Connor Hellebuyck (WPG)
2 - Tom Pyatt (OTT)
3 - Ryan Dzingel (OTT)

Power Play

Winnipeg Jets - 0 on 1 Attempt(s) - 0.00%
Ottawa Senators - 0 on 4 Attempt(s) - 0.00%

Penalty Kill

Winnipeg Jets - 4 on 4 Attempt(s) - 100.00% - Score 0 goal in Penalty Kill
Ottawa Senators - 1 on 1 Attempt(s) - 100.00% - Score 0 goal in Penalty Kill

Team Stat

Winnipeg Jets - Hits : 21 - Faceoff Wins : 21 - Blocked Shots : 12 - Penalty Minutes : 8
Ottawa Senators - Hits : 40 - Faceoff Wins : 35 - Blocked Shots : 6 - Penalty Minutes : 2

Official

Referees : Chris Lee and Jake Brenk
Linesman : Mark Shewchyk and Jonny Murray

Game Notes

No Game Note

Finance

Level 1 -- Attendance: 9532 (89.92%) -- Ticket Income fr. 762'560
Level 2 -- Attendance: 1587 (72.14%) -- Ticket Income fr. 103'155
Level 3 -- Attendance: 3133 (84.68%) -- Ticket Income fr. 109'655
Level 4 -- Attendance: 1450 (100.00%) -- Ticket Income fr. 29'000
Luxury Box -- Attendance: 49 (98.00%) -- Ticket Income fr. 9'800
Game was played at the Canadian Tire Centre.
Total Attendance: 15751 (87.51%)
Total Ticket Income: fr. 1'014'170
Total Income: fr. 1'014'170

Winnipeg Jets

5 vs 5 Forward 
   Center                   Left Wing                Right Wing               Time % Phy DF OF 
 1 Jack Eichel              Patrik Laine             Blake Wheeler            31     1   2  2  
 2 Mathieu Perreault        Evander Kane             Phil Kessel              29     1   2  2  
 3 Adam Lowry               Nikolaj Ehlers           Martin Frk               26     1   2  2  
 4 Andrew Copp              Beau Bennett             Blake Wheeler            14     1   2  2  

5 vs 5 Defense 
   Defense                  Defense                                           Time % Phy DF OF 
 1 Ben Chiarot              Jacob Trouba                                      33     1   2  2  
 2 Josh Morrissey           Shayne Gostisbehere                               31     1   2  2  
 3 Marc Methot              Dennis Seidenberg                                 26     1   2  2  
 4 Shayne Gostisbehere      Ben Chiarot                                       10     1   2  2  

PowerPlay Forward 
   Center                   Left Wing                Right Wing               Time % Phy DF OF 
 1 Blake Wheeler            Evander Kane             Phil Kessel              52     1   2  2  
 2 Jack Eichel              Nikolaj Ehlers           Patrik Laine             48     1   2  2  

PowerPlay Defense
   Defense                  Defense                                           Time % Phy DF OF 
 1 Ben Chiarot              Shayne Gostisbehere                               50     1   2  2  
 2 Josh Morrissey           Jacob Trouba                                      50     1   2  2  

Penalty Kill 4 Players Forward 
   Center                   Wing                     Time % Phy DF OF 
 1 Adam Lowry               Andrew Copp              55     1   2  2  
 2 Jack Eichel              Blake Wheeler            45     1   2  2  

Penalty Kill 4 Players Defense
   Defense                  Defense                  Time % Phy DF OF 
 1 Jacob Trouba             Brayden McNabb           50     1   2  2  
 2 Josh Morrissey           Marc Methot              50     1   2  2  

Penalty Kill - 3 Players Forward 
   Forward                                           Time % Phy DF OF 
 1 Adam Lowry                                        50     1   2  2  
 2 Andrew Copp                                       50     1   2  2  

Penalty Kill - 3 Players Defense
   Defense                  Defense                  Time % Phy DF OF 
 1 Marc Methot              Josh Morrissey           50     1   2  2  
 2 Brayden McNabb           Jacob Trouba             50     1   2  2  

4 vs 4 Forward 
   Center                   Wing                     Time % Phy DF OF 
 1 Blake Wheeler            Patrik Laine             50     1   2  2  
 2 Nikolaj Ehlers           Evander Kane             50     1   2  2  

4 vs 4 Defense
   Defense                  Defense                  Time % Phy DF OF 
 1 Ben Chiarot              Shayne Gostisbehere      55     1   2  2  
 2 Josh Morrissey           Jacob Trouba             45     1   2  2  

Last Minutes Offensive
   Center                   Left Wing                Right Wing               Defense                  Defense                  
   Jack Eichel              Phil Kessel              Blake Wheeler            Shayne Gostisbehere      Jacob Trouba             

Last Minutes Defensive
   Center                   Left Wing                Right Wing               Defense                  Defense                  
   Adam Lowry               Andrew Copp              Blake Wheeler            Brayden McNabb           Jacob Trouba             

Goaltenders
Starting : Connor Hellebuyck        
Backup : Michael Hutchinson       

Extra Forwards
Normal : Mathieu Perreault, Blake Wheeler, Jack Eichel - PP : Mathieu Perreault, Jack Eichel - PK : Blake Wheeler
Extra Defensemen
Normal : Marc Methot, Josh Morrissey, Jacob Trouba - PP : Ben Chiarot - PK : Shayne Gostisbehere, Ben Chiarot
Penalty Shots
Phil Kessel, Blake Wheeler, Jack Eichel, Patrik Laine, Evander Kane
Custom OT Lines Forwards
Blake Wheeler, Jack Eichel, Phil Kessel, Patrik Laine, Evander Kane, Nikolaj Ehlers, Mathieu Perreault, Andrew Copp, Adam Lowry, Martin Frk
Custom OT Lines Defensemen
Shayne Gostisbehere, Jacob Trouba, Josh Morrissey, Marc Methot, Dennis Seidenberg

Scratches
Phillip Danault (Back Injury), Jack Roslovic (Right Leg Injury)

Ottawa Senators

5 vs 5 Forward 
   Center                   Left Wing                Right Wing               Time % Phy DF OF 
 1 Brayden Schenn           Nikita Kucherov          Mark Stone               28     0   2  3  
 2 Dylan Larkin             Brandon Saad             Charlie Coyle            28     0   2  3  
 3 Jean-Gabriel Pageau      Tom Pyatt                Ryan Dzingel             25     0   3  2  
 4 Michael Cammalleri       Nail Yakupov             Tyson Jost               19     0   4  1  

5 vs 5 Defense 
   Defense                  Defense                                           Time % Phy DF OF 
 1 Erik Karlsson            Cody Ceci                                         31     0   3  2  
 2 Dion Phaneuf             Sami Vatanen                                      30     0   3  2  
 3 Chris Wideman            Thomas Chabot                                     25     0   4  1  
 4 Cody Ceci                Dion Phaneuf                                      14     0   4  1  

PowerPlay Forward 
   Center                   Left Wing                Right Wing               Time % Phy DF OF 
 1 Dylan Larkin             Nikita Kucherov          Mark Stone               50     0   0  5  
 2 Brayden Schenn           Brandon Saad             Charlie Coyle            50     0   0  5  

PowerPlay Defense
   Defense                  Defense                                           Time % Phy DF OF 
 1 Erik Karlsson            Sami Vatanen                                      50     0   1  4  
 2 Thomas Chabot            Chris Wideman                                     50     0   1  4  

Penalty Kill 4 Players Forward 
   Center                   Wing                     Time % Phy DF OF 
 1 Jean-Gabriel Pageau      Nikita Kucherov          50     0   5  0  
 2 Michael Cammalleri       Brayden Schenn           50     0   5  0  

Penalty Kill 4 Players Defense
   Defense                  Defense                  Time % Phy DF OF 
 1 Dion Phaneuf             Cody Ceci                50     0   5  0  
 2 Erik Karlsson            Sami Vatanen             50     0   5  0  

Penalty Kill - 3 Players Forward 
   Forward                                           Time % Phy DF OF 
 1 Jean-Gabriel Pageau                               50     0   5  0  
 2 Michael Cammalleri                                50     0   5  0  

Penalty Kill - 3 Players Defense
   Defense                  Defense                  Time % Phy DF OF 
 1 Dion Phaneuf             Cody Ceci                50     0   5  0  
 2 Erik Karlsson            Sami Vatanen             50     0   5  0  

4 vs 4 Forward 
   Center                   Wing                     Time % Phy DF OF 
 1 Dylan Larkin             Nikita Kucherov          50     0   2  3  
 2 Brayden Schenn           Mark Stone               50     0   2  3  

4 vs 4 Defense
   Defense                  Defense                  Time % Phy DF OF 
 1 Erik Karlsson            Cody Ceci                50     0   2  3  
 2 Dion Phaneuf             Sami Vatanen             50     0   2  3  

Last Minutes Offensive
   Center                   Left Wing                Right Wing               Defense                  Defense                  
   Brayden Schenn           Nikita Kucherov          Mark Stone               Erik Karlsson            Sami Vatanen             

Last Minutes Defensive
   Center                   Left Wing                Right Wing               Defense                  Defense                  
   Jean-Gabriel Pageau      Dylan Larkin             Charlie Coyle            Dion Phaneuf             Cody Ceci                

Goaltenders
Starting : Ben Bishop               
Backup : Anders Nilsson           

Extra Forwards
Normal : Brayden Schenn, Dylan Larkin, Jean-Gabriel Pageau - PP : Charlie Coyle, Ryan Dzingel - PK : Jean-Gabriel Pageau
Extra Defensemen
Normal : Sami Vatanen, Thomas Chabot, Erik Karlsson - PP : Erik Karlsson - PK : Cody Ceci, Dion Phaneuf
Penalty Shots
Dylan Larkin, Mark Stone, Nikita Kucherov, Brayden Schenn, Brandon Saad
Custom OT Lines Forwards
Brayden Schenn, Dylan Larkin, Nikita Kucherov, Mark Stone, Charlie Coyle, Brandon Saad, Jean-Gabriel Pageau, Ryan Dzingel, Michael Cammalleri, Tom Pyatt
Custom OT Lines Defensemen
Erik Karlsson, Cody Ceci, Sami Vatanen, Dion Phaneuf, Thomas Chabot

Scratches
Nathan Beaulieu (Healthy), Christopher DiDomenico (Healthy), Andrew Hammond (Healthy)

% Time on Ice - Winnipeg Jets

Lines # - Real PCT - Wanted PCT - Time Play
Normal Forward
1 - 31% - 31% - 15:18
2 - 28% - 29% - 14:06
3 - 28% - 26% - 13:50
4 - 14% - 14% - 6:51
Normal Defense
1 - 34% - 33% - 17:15
2 - 30% - 31% - 14:59
3 - 27% - 26% - 13:40
4 - 8% - 10% - 4:11
PP Forward
1 - 48% - 52% - 0:57
2 - 52% - 48% - 1:02
PP Defense
1 - 61% - 50% - 1:13
2 - 39% - 50% - 0:46
PK Forward
1 - 68% - 55% - 5:25
2 - 32% - 45% - 2:31
PK Defense
1 - 41% - 50% - 3:15
2 - 59% - 50% - 4:41
PK3 Forward
1 - 0% - 50%
2 - 0% - 50%
PK3 Defense
1 - 0% - 50%
2 - 0% - 50%
44 Forward
1 - 0% - 50%
2 - 0% - 50%
44 Defense
1 - 0% - 55%
2 - 0% - 45%
Last Minute Offensive  - 0:00
Last Minute Defensive  - 0:00
Total
Forward - 60:00
Defense - 60:00

% Time on Ice - Ottawa Senators

Lines # - Real PCT - Wanted PCT - Time Play
Normal Forward
1 - 29% - 28% - 14:22
2 - 26% - 28% - 13:03
3 - 26% - 25% - 12:49
4 - 20% - 19% - 9:51
Normal Defense
1 - 32% - 31% - 15:59
2 - 32% - 30% - 15:59
3 - 26% - 25% - 12:54
4 - 10% - 14% - 5:13
PP Forward
1 - 49% - 50% - 3:55
2 - 51% - 50% - 4:01
PP Defense
1 - 43% - 50% - 3:26
2 - 57% - 50% - 4:30
PK Forward
1 - 48% - 50% - 0:57
2 - 52% - 50% - 1:02
PK Defense
1 - 0% - 50% - 0:00
2 - 100% - 50% - 1:59
PK3 Forward
1 - 0% - 50%
2 - 0% - 50%
PK3 Defense
1 - 0% - 50%
2 - 0% - 50%
44 Forward
1 - 0% - 50%
2 - 0% - 50%
44 Defense
1 - 0% - 50%
2 - 0% - 50%
Last Minute Offensive  - 0:00
Last Minute Defensive  - 0:00
Total
Forward - 60:00
Defense - 60:00

Play-by-Play

1st period


0:01 of 1st period - Jack Eichel wins face-off versus Brayden Schenn in neutral zone.
0:14 of 1st period - Snap shot by Nikita Kucherov.
0:14 of 1st period - Shot Misses the Net.
0:16 of 1st period - Wrist shot by Mark Stone.
0:16 of 1st period - Shot Misses the Net.
0:28 of 1st period - Snap shot by Tom Pyatt.
0:28 of 1st period - Shot Misses the Net.
0:34 of 1st period - Slapshot by Ryan Dzingel.
0:34 of 1st period - Shot Misses the Net.
1:08 of 1st period - Nail Yakupov is hit by Nikolaj Ehlers and loses puck.
1:15 of 1st period - Nikolaj Ehlers is hit by Chris Wideman and loses puck.
1:25 of 1st period - Off-side.
1:26 of 1st period - Brayden Schenn wins face-off versus Andrew Copp in neutral zone.
1:33 of 1st period - Wrist shot by Nikita Kucherov.
1:33 of 1st period - Stopped by Connor Hellebuyck with a rebound.
1:35 of 1st period - Backhand shot by Dion Phaneuf.
1:35 of 1st period - Deflect By Blake Wheeler.
1:35 of 1st period - Stopped by Connor Hellebuyck with a rebound.
1:37 of 1st period - Slapshot by Cody Ceci.
1:37 of 1st period - Shot Blocked by Andrew Copp.
1:59 of 1st period - Snap shot by Dylan Larkin.
1:59 of 1st period - Shot Blocked by Josh Morrissey.
2:01 of 1st period - Slapshot by Dion Phaneuf.
2:01 of 1st period - Deflect By Brandon Saad.
2:01 of 1st period - Stopped by Connor Hellebuyck without a rebound.
2:02 of 1st period - Jean-Gabriel Pageau wins face-off versus Mathieu Perreault in Winnipeg Jets zone.
2:27 of 1st period - Tyson Jost is hit by Dennis Seidenberg and loses puck.
2:36 of 1st period - Adam Lowry is hit by Tyson Jost and loses puck.
3:03 of 1st period - Snap shot by Michael Cammalleri.
3:03 of 1st period - Shot Misses the Net.
3:53 of 1st period - Snap shot by Ryan Dzingel.
3:53 of 1st period - Stopped by Connor Hellebuyck without a rebound.
3:54 of 1st period - Dylan Larkin wins face-off versus Jack Eichel in Winnipeg Jets zone.
4:19 of 1st period - Marc Methot is hit by Nikita Kucherov and loses puck.
4:27 of 1st period - Off-side.
4:28 of 1st period - Mathieu Perreault wins face-off versus Jean-Gabriel Pageau in neutral zone.
4:35 of 1st period - Backhand shot by Phil Kessel.
4:35 of 1st period - Shot Blocked by Tom Pyatt.
5:41 of 1st period - Wrist shot by Phil Kessel.
5:41 of 1st period - Deflect By Mathieu Perreault.
5:41 of 1st period - Stopped by Ben Bishop with a rebound.
6:18 of 1st period - Josh Morrissey is hit by Thomas Chabot and loses puck.
6:27 of 1st period - Snap shot by Mark Stone.
6:27 of 1st period - Shot Blocked by Josh Morrissey.
6:29 of 1st period - Slapshot by Chris Wideman.
6:29 of 1st period - Deflect By Brayden Schenn.
6:29 of 1st period - Shot Misses the Net.
6:29 of 1st period - Puck is out of play.
6:30 of 1st period - Dylan Larkin wins face-off versus Mathieu Perreault in Winnipeg Jets zone.
6:55 of 1st period - Jacob Trouba is hit by Ryan Dzingel and loses puck.
7:44 of 1st period - Wrist shot by Phil Kessel.
7:44 of 1st period - Goal by Phil Kessel - Winnipeg Jets : 1 - Ottawa Senators : 0.
7:45 of 1st period - Dylan Larkin wins face-off versus Jack Eichel in neutral zone.
8:10 of 1st period - Mark Stone is hit by Ben Chiarot and loses puck.
8:33 of 1st period - Backhand shot by Ryan Dzingel.
8:33 of 1st period - Stopped by Connor Hellebuyck with a rebound.
8:35 of 1st period - Snap shot by Jean-Gabriel Pageau.
8:35 of 1st period - Stopped by Connor Hellebuyck without a rebound.
8:36 of 1st period - Jean-Gabriel Pageau wins face-off versus Andrew Copp in Winnipeg Jets zone.
8:43 of 1st period - Wrist shot by Ryan Dzingel.
8:43 of 1st period - Shot Misses the Net.
9:22 of 1st period - Jacob Trouba is hit by Michael Cammalleri and loses puck.
9:30 of 1st period - Off-side.
9:31 of 1st period - Blake Wheeler wins face-off versus Brayden Schenn in neutral zone.
9:58 of 1st period - Dion Phaneuf is hit by Ben Chiarot and loses puck.
10:23 of 1st period - Snap shot by Blake Wheeler.
10:23 of 1st period - Stopped by Ben Bishop without a rebound.
10:24 of 1st period - Jean-Gabriel Pageau wins face-off versus Andrew Copp in Ottawa Senators zone.
10:49 of 1st period - Phil Kessel is hit by Charlie Coyle and loses puck.
12:54 of 1st period - Slapshot by Nikita Kucherov.
12:54 of 1st period - Stopped by Connor Hellebuyck without a rebound.
12:55 of 1st period - Brayden Schenn wins face-off versus Mathieu Perreault in Winnipeg Jets zone.
13:06 of 1st period - Wrist shot by Evander Kane.
13:06 of 1st period - Stopped by Ben Bishop with a rebound.
13:08 of 1st period - Snap shot by Marc Methot.
13:08 of 1st period - Deflect By Mark Stone.
13:08 of 1st period - Stopped by Ben Bishop without a rebound.
13:09 of 1st period - Dylan Larkin wins face-off versus Jack Eichel in Ottawa Senators zone.
13:09 of 1st period - Dylan Larkin is hit by Blake Wheeler.
13:42 of 1st period - Off-side.
13:43 of 1st period - Brayden Schenn wins face-off versus Mathieu Perreault in neutral zone.
13:50 of 1st period - Snap shot by Nikita Kucherov.
13:50 of 1st period - Shot Misses the Net.
13:52 of 1st period - Slapshot by Cody Ceci.
13:52 of 1st period - Shot Blocked by Dennis Seidenberg.
13:54 of 1st period - Slapshot by Erik Karlsson.
13:54 of 1st period - Stopped by Connor Hellebuyck without a rebound.
13:55 of 1st period - Jack Eichel wins face-off versus Michael Cammalleri in Winnipeg Jets zone.
14:20 of 1st period - Evander Kane is hit by Jean-Gabriel Pageau and loses puck.
14:52 of 1st period - Snap shot by Brandon Saad.
14:52 of 1st period - Shot Misses the Net.
14:54 of 1st period - Snap shot by Charlie Coyle.
14:54 of 1st period - Stopped by Connor Hellebuyck with a rebound.
15:06 of 1st period - Mark Stone is hit by Nikolaj Ehlers and loses puck.
15:28 of 1st period - Slapshot by Erik Karlsson.
15:28 of 1st period - Deflect By Blake Wheeler.
15:28 of 1st period - Stopped by Connor Hellebuyck without a rebound.
15:29 of 1st period - Michael Cammalleri wins face-off versus Jack Eichel in Winnipeg Jets zone.
15:43 of 1st period - Icing by Sami Vatanen.
15:44 of 1st period - Michael Cammalleri wins face-off versus Adam Lowry in Ottawa Senators zone.
15:49 of 1st period - Dennis Seidenberg is hit by Nail Yakupov and loses puck.
15:58 of 1st period - Wrist shot by Adam Lowry.
15:58 of 1st period - Stopped by Ben Bishop without a rebound.
15:59 of 1st period - Jack Eichel wins face-off versus Jean-Gabriel Pageau in Ottawa Senators zone.
16:02 of 1st period - Snap shot by Blake Wheeler.
16:02 of 1st period - Shot Misses the Net.
16:04 of 1st period - Snap shot by Patrik Laine.
16:04 of 1st period - Deflect By Jack Eichel.
16:04 of 1st period - Shot Misses the Net.
16:04 of 1st period - Puck is out of play.
16:05 of 1st period - Jean-Gabriel Pageau wins face-off versus Jack Eichel in Ottawa Senators zone.
16:10 of 1st period - Wrist shot by Jack Eichel.
16:10 of 1st period - Deflect By Patrik Laine.
16:10 of 1st period - Stopped by Ben Bishop with a rebound.
16:12 of 1st period - Backhand shot by Jack Eichel.
16:12 of 1st period - Shot Misses the Net.
16:14 of 1st period - Snap shot by Marc Methot.
16:14 of 1st period - Deflect By Blake Wheeler.
16:14 of 1st period - Shot Misses the Net.
16:14 of 1st period - Puck is out of play.
16:15 of 1st period - Jack Eichel wins face-off versus Dylan Larkin in Ottawa Senators zone.
17:09 of 1st period - Snap shot by Ryan Dzingel.
17:09 of 1st period - Deflect By Tom Pyatt.
17:09 of 1st period - Stopped by Connor Hellebuyck without a rebound.
17:10 of 1st period - Dylan Larkin wins face-off versus Andrew Copp in Winnipeg Jets zone.
17:11 of 1st period - Wrist shot by Charlie Coyle.
17:11 of 1st period - Shot Misses the Net.
17:51 of 1st period - Icing by Cody Ceci.
17:52 of 1st period - Mathieu Perreault wins face-off versus Jean-Gabriel Pageau in Ottawa Senators zone.
18:50 of 1st period - Slapshot by Charlie Coyle.
18:50 of 1st period - Deflect By Dylan Larkin.
18:50 of 1st period - Shot Blocked by Martin Frk.
18:50 of 1st period - Puck is out of play.
18:51 of 1st period - Jean-Gabriel Pageau wins face-off versus Mathieu Perreault in Winnipeg Jets zone.
18:54 of 1st period - Snap shot by Jean-Gabriel Pageau.
18:54 of 1st period - Stopped by Connor Hellebuyck with a rebound.
18:56 of 1st period - Snap shot by Tom Pyatt.
18:56 of 1st period - Stopped by Connor Hellebuyck without a rebound.
18:57 of 1st period - Jean-Gabriel Pageau wins face-off versus Mathieu Perreault in Winnipeg Jets zone.
18:57 of 1st period - Jean-Gabriel Pageau is hit by Josh Morrissey.
19:02 of 1st period - Minor Penalty to Evander Kane for Hooking.
19:03 of 1st period - Adam Lowry wins face-off versus Dylan Larkin in Winnipeg Jets zone.
19:49 of 1st period - Snap shot by Nikita Kucherov.
19:49 of 1st period - Shot Hit the Post.
19:51 of 1st period - Slapshot by Erik Karlsson.
19:51 of 1st period - Stopped by Connor Hellebuyck without a rebound.
19:52 of 1st period - Adam Lowry wins face-off versus Brayden Schenn in Winnipeg Jets zone.
Goals for this period are 1 for Winnipeg Jets vs 0 for Ottawa Senators.
Shots for this period are 7 for Winnipeg Jets vs 14 for Ottawa Senators.

2nd period


0:01 of 2nd period - Brayden Schenn wins face-off versus Adam Lowry in neutral zone.
0:06 of 2nd period - Josh Morrissey is hit by Chris Wideman and loses puck.
0:17 of 2nd period - Josh Morrissey is hit by Brayden Schenn and loses puck.
1:02 of 2nd period - Penalty to Evander Kane is over, Evander Kane is back on ice.
1:38 of 2nd period - Snap shot by Adam Lowry.
1:38 of 2nd period - Stopped by Ben Bishop with a rebound.
1:40 of 2nd period - Slapshot by Jacob Trouba.
1:40 of 2nd period - Stopped by Ben Bishop without a rebound.
1:41 of 2nd period - Jean-Gabriel Pageau wins face-off versus Jack Eichel in Ottawa Senators zone.
1:41 of 2nd period - Jean-Gabriel Pageau is hit by Patrik Laine.
2:51 of 2nd period - Cody Ceci is hit by Nikolaj Ehlers and loses puck.
2:58 of 2nd period - Snap shot by Mark Stone.
2:58 of 2nd period - Stopped by Connor Hellebuyck without a rebound.
2:59 of 2nd period - Jean-Gabriel Pageau wins face-off versus Jack Eichel in Winnipeg Jets zone.
3:02 of 2nd period - Wrist shot by Ryan Dzingel.
3:02 of 2nd period - Shot Misses the Net.
3:04 of 2nd period - Wrist shot by Erik Karlsson.
3:04 of 2nd period - Stopped by Connor Hellebuyck without a rebound.
3:05 of 2nd period - Jean-Gabriel Pageau wins face-off versus Jack Eichel in Winnipeg Jets zone.
3:41 of 2nd period - Jack Eichel is hit by Nail Yakupov and loses puck.
4:20 of 2nd period - Wrist shot by Nikolaj Ehlers.
4:20 of 2nd period - Stopped by Ben Bishop with a rebound.
4:26 of 2nd period - Adam Lowry is hit by Ryan Dzingel.
4:36 of 2nd period - Wrist shot by Charlie Coyle.
4:36 of 2nd period - Stopped by Connor Hellebuyck with a rebound.
4:38 of 2nd period - Snap shot by Dylan Larkin.
4:38 of 2nd period - Stopped by Connor Hellebuyck with a rebound.
4:40 of 2nd period - Snap shot by Sami Vatanen.
4:40 of 2nd period - Deflect By Charlie Coyle.
4:40 of 2nd period - Stopped by Connor Hellebuyck with a rebound.
4:42 of 2nd period - Backhand shot by Dylan Larkin.
4:42 of 2nd period - Stopped by Connor Hellebuyck with a rebound.
5:37 of 2nd period - Dennis Seidenberg is hit by Cody Ceci and loses puck.
7:17 of 2nd period - Jack Eichel is hit by Brayden Schenn and loses puck.
7:30 of 2nd period - Ben Chiarot is hit by Nail Yakupov and loses puck.
7:45 of 2nd period - Tyson Jost is hit by Adam Lowry.
8:00 of 2nd period - Patrik Laine is hit by Chris Wideman and loses puck.
8:31 of 2nd period - Brayden McNabb is hit by Ryan Dzingel and loses puck.
8:38 of 2nd period - Nikolaj Ehlers is hit by Jean-Gabriel Pageau.
8:50 of 2nd period - Blake Wheeler is hit by Brayden Schenn and loses puck.
9:03 of 2nd period - Adam Lowry is hit by Nail Yakupov and loses puck.
9:20 of 2nd period - Nikolaj Ehlers is hit by Cody Ceci and loses puck.
9:49 of 2nd period - Jack Eichel is hit by Ryan Dzingel and loses puck.
10:32 of 2nd period - Wrist shot by Nikita Kucherov.
10:32 of 2nd period - Shot Blocked by Ben Chiarot.
10:53 of 2nd period - Minor Penalty to Evander Kane for Tripping.
10:54 of 2nd period - Dylan Larkin wins face-off versus Adam Lowry in Winnipeg Jets zone.
10:57 of 2nd period - Wrist shot by Mark Stone.
10:57 of 2nd period - Stopped by Connor Hellebuyck with a rebound.
10:59 of 2nd period - Slapshot by Thomas Chabot.
10:59 of 2nd period - Shot Blocked by Andrew Copp.
11:01 of 2nd period - Slapshot by Thomas Chabot.
11:01 of 2nd period - Shot Blocked by Adam Lowry.
11:23 of 2nd period - Blake Wheeler is hit by Brayden Schenn and loses puck.
12:08 of 2nd period - Jacob Trouba is hit by Sami Vatanen and loses puck.
12:39 of 2nd period - Josh Morrissey is hit by Brandon Saad and loses puck.
12:53 of 2nd period - Penalty to Evander Kane is over, Evander Kane is back on ice.
13:04 of 2nd period - Mathieu Perreault is hit by Nail Yakupov and loses puck.
13:11 of 2nd period - Wrist shot by Nail Yakupov.
13:11 of 2nd period - Shot Blocked by Jacob Trouba.
13:29 of 2nd period - Snap shot by Adam Lowry.
13:29 of 2nd period - Shot Misses the Net.
15:01 of 2nd period - Icing by Brandon Saad.
15:02 of 2nd period - Jack Eichel wins face-off versus Dylan Larkin in Ottawa Senators zone.
15:41 of 2nd period - Minor Penalty to Ben Chiarot for Hooking.
15:42 of 2nd period - Dylan Larkin wins face-off versus Adam Lowry in Winnipeg Jets zone.
15:43 of 2nd period - Wrist shot by Mark Stone.
15:43 of 2nd period - Stopped by Connor Hellebuyck with a rebound.
17:41 of 2nd period - Penalty to Ben Chiarot is over, Ben Chiarot is back on ice.
18:03 of 2nd period - Minor Penalty to Ben Chiarot for Cross-checking.
18:04 of 2nd period - Dylan Larkin wins face-off versus Andrew Copp in Winnipeg Jets zone.
18:42 of 2nd period - Jack Eichel is hit by Chris Wideman and loses puck.
19:05 of 2nd period - Marc Methot is hit by Nikita Kucherov and loses puck.
Goals for this period are 0 for Winnipeg Jets vs 0 for Ottawa Senators.
Shots for this period are 3 for Winnipeg Jets vs 8 for Ottawa Senators.

3rd period


0:01 of 3rd period - Dylan Larkin wins face-off versus Adam Lowry in neutral zone.
0:03 of 3rd period - Penalty to Ben Chiarot is over, Ben Chiarot is back on ice.
0:57 of 3rd period - Chris Wideman is hit by Patrik Laine and loses puck.
1:08 of 3rd period - Slapshot by Thomas Chabot.
1:08 of 3rd period - Deflect By Dylan Larkin.
1:08 of 3rd period - Stopped by Connor Hellebuyck with a rebound.
2:38 of 3rd period - Wrist shot by Brayden Schenn.
2:38 of 3rd period - Shot Blocked by Jacob Trouba.
3:14 of 3rd period - Snap shot by Jack Eichel.
3:14 of 3rd period - Stopped by Ben Bishop without a rebound.
3:15 of 3rd period - Jean-Gabriel Pageau wins face-off versus Jack Eichel in Ottawa Senators zone.
3:21 of 3rd period - Off-side.
3:22 of 3rd period - Mathieu Perreault wins face-off versus Dylan Larkin in neutral zone.
3:29 of 3rd period - Snap shot by Mathieu Perreault.
3:29 of 3rd period - Shot Misses the Net.
3:37 of 3rd period - Wrist shot by Dylan Larkin.
3:37 of 3rd period - Shot Misses the Net.
4:31 of 3rd period - Wrist shot by Evander Kane.
4:31 of 3rd period - Shot Misses the Net.
4:33 of 3rd period - Slapshot by Marc Methot.
4:33 of 3rd period - Shot Misses the Net.
4:43 of 3rd period - Ben Chiarot is hit by Charlie Coyle and loses puck.
5:00 of 3rd period - Charlie Coyle is hit by Nikolaj Ehlers and loses puck.
5:23 of 3rd period - Snap shot by Charlie Coyle.
5:23 of 3rd period - Stopped by Connor Hellebuyck without a rebound.
5:24 of 3rd period - Adam Lowry wins face-off versus Brayden Schenn in Winnipeg Jets zone.
5:24 of 3rd period - Adam Lowry is hit by Dion Phaneuf.
5:30 of 3rd period - Brayden Schenn is hit by Adam Lowry and loses puck.
5:47 of 3rd period - Patrik Laine is hit by Dion Phaneuf and loses puck.
6:44 of 3rd period - Brayden Schenn is hit by Andrew Copp.
7:06 of 3rd period - Snap shot by Martin Frk.
7:06 of 3rd period - Shot Misses the Net.
7:12 of 3rd period - Minor Penalty to Sami Vatanen for Slashing.
7:13 of 3rd period - Jean-Gabriel Pageau wins face-off versus Jack Eichel in Ottawa Senators zone.
7:24 of 3rd period - Michael Cammalleri is hit by Josh Morrissey and loses puck.
7:43 of 3rd period - Dion Phaneuf is hit by Blake Wheeler and loses puck.
9:12 of 3rd period - Penalty to Sami Vatanen is over, Sami Vatanen is back on ice.
9:30 of 3rd period - Icing by Mathieu Perreault.
9:31 of 3rd period - Jean-Gabriel Pageau wins face-off versus Adam Lowry in Winnipeg Jets zone.
9:36 of 3rd period - Wrist shot by Ryan Dzingel.
9:36 of 3rd period - Stopped by Connor Hellebuyck without a rebound.
9:37 of 3rd period - Andrew Copp wins face-off versus Jean-Gabriel Pageau in Winnipeg Jets zone.
9:46 of 3rd period - Backhand shot by Blake Wheeler.
9:46 of 3rd period - Shot Misses the Net.
9:52 of 3rd period - Andrew Copp is hit by Ryan Dzingel and loses puck.
10:08 of 3rd period - Marc Methot is hit by Nikita Kucherov and loses puck.
10:22 of 3rd period - Icing by Chris Wideman.
10:23 of 3rd period - Adam Lowry wins face-off versus Dylan Larkin in Ottawa Senators zone.
11:12 of 3rd period - Dion Phaneuf is hit by Ben Chiarot and loses puck.
11:31 of 3rd period - Snap shot by Evander Kane.
11:31 of 3rd period - Shot Misses the Net.
11:33 of 3rd period - Slapshot by Jacob Trouba.
11:33 of 3rd period - Shot Blocked by Dion Phaneuf.
11:51 of 3rd period - Snap shot by Adam Lowry.
11:51 of 3rd period - Deflect By Nikolaj Ehlers.
11:51 of 3rd period - Stopped by Ben Bishop without a rebound.
11:52 of 3rd period - Adam Lowry wins face-off versus Dylan Larkin in Ottawa Senators zone.
11:53 of 3rd period - Wrist shot by Nikolaj Ehlers.
11:53 of 3rd period - Shot Misses the Net.
11:55 of 3rd period - Slapshot by Josh Morrissey.
11:55 of 3rd period - Shot Misses the Net.
11:57 of 3rd period - Slapshot by Josh Morrissey.
11:57 of 3rd period - Shot Misses the Net.
11:59 of 3rd period - Snap shot by Martin Frk.
11:59 of 3rd period - Shot Blocked by Cody Ceci.
12:01 of 3rd period - Snap shot by Nikolaj Ehlers.
12:01 of 3rd period - Shot Misses the Net.
12:03 of 3rd period - Wrist shot by Josh Morrissey.
12:03 of 3rd period - Stopped by Ben Bishop with a rebound.
12:05 of 3rd period - Wrist shot by Shayne Gostisbehere.
12:05 of 3rd period - Stopped by Ben Bishop with a rebound.
12:07 of 3rd period - Snap shot by Adam Lowry.
12:07 of 3rd period - Shot Misses the Net.
12:36 of 3rd period - Cody Ceci is hit by Andrew Copp and loses puck.
12:54 of 3rd period - Wrist shot by Nikita Kucherov.
12:54 of 3rd period - Stopped by Connor Hellebuyck with a rebound.
13:18 of 3rd period - Wrist shot by Tom Pyatt.
13:18 of 3rd period - Shot Misses the Net.
13:20 of 3rd period - Slapshot by Tom Pyatt.
13:20 of 3rd period - Goal by Tom Pyatt - Winnipeg Jets : 1 - Ottawa Senators : 1.
13:21 of 3rd period - Jack Eichel wins face-off versus Brandon Saad in neutral zone.
13:21 of 3rd period - Jack Eichel is hit by Charlie Coyle.
13:48 of 3rd period - Shayne Gostisbehere is hit by Tom Pyatt and loses puck.
13:53 of 3rd period - Wrist shot by Ryan Dzingel.
13:53 of 3rd period - Stopped by Connor Hellebuyck with a rebound.
13:55 of 3rd period - Slapshot by Erik Karlsson.
13:55 of 3rd period - Stopped by Connor Hellebuyck without a rebound.
13:56 of 3rd period - Adam Lowry wins face-off versus Brayden Schenn in Winnipeg Jets zone.
14:05 of 3rd period - Wrist shot by Nikolaj Ehlers.
14:05 of 3rd period - Shot Misses the Net.
14:22 of 3rd period - Charlie Coyle is hit by Jacob Trouba.
14:50 of 3rd period - Cody Ceci is hit by Marc Methot and loses puck.
14:57 of 3rd period - Phil Kessel is hit by Cody Ceci and loses puck.
15:20 of 3rd period - Slapshot by Nikita Kucherov.
15:20 of 3rd period - Stopped by Connor Hellebuyck without a rebound.
15:21 of 3rd period - Brayden Schenn wins face-off versus Adam Lowry in Winnipeg Jets zone.
15:33 of 3rd period - Slapshot by Mark Stone.
15:33 of 3rd period - Stopped by Connor Hellebuyck with a rebound.
15:37 of 3rd period - Wrist shot by Nikita Kucherov.
15:37 of 3rd period - Stopped by Connor Hellebuyck without a rebound.
15:38 of 3rd period - Jean-Gabriel Pageau wins face-off versus Andrew Copp in Winnipeg Jets zone.
16:00 of 3rd period - Icing by Blake Wheeler.
16:01 of 3rd period - Michael Cammalleri wins face-off versus Andrew Copp in Winnipeg Jets zone.
16:32 of 3rd period - Wrist shot by Adam Lowry.
16:32 of 3rd period - Shot Blocked by Jean-Gabriel Pageau.
17:20 of 3rd period - Chris Wideman is hit by Jack Eichel and loses puck.
18:12 of 3rd period - Josh Morrissey is hit by Brayden Schenn and loses puck.
18:33 of 3rd period - Ben Chiarot is hit by Tom Pyatt and loses puck.
19:02 of 3rd period - Jack Eichel is hit by Chris Wideman.
19:16 of 3rd period - Slapshot by Thomas Chabot.
19:16 of 3rd period - Stopped by Connor Hellebuyck without a rebound.
19:17 of 3rd period - Brayden Schenn wins face-off versus Adam Lowry in Winnipeg Jets zone.
19:32 of 3rd period - Snap shot by Mark Stone.
19:32 of 3rd period - Stopped by Connor Hellebuyck with a rebound.
19:34 of 3rd period - Slapshot by Sami Vatanen.
19:34 of 3rd period - Stopped by Connor Hellebuyck with a rebound.
Goals for this period are 0 for Winnipeg Jets vs 1 for Ottawa Senators.
Shots for this period are 4 for Winnipeg Jets vs 13 for Ottawa Senators.

Overtime #1


0:01 of 1st overtime period - Jack Eichel wins face-off versus Dylan Larkin in neutral zone.
0:06 of 1st overtime period - Snap shot by Jack Eichel.
0:06 of 1st overtime period - Shot Blocked by Erik Karlsson.
0:13 of 1st overtime period - Slapshot by Brayden Schenn.
0:13 of 1st overtime period - Stopped by Connor Hellebuyck with a rebound.
2:18 of 1st overtime period - Icing by Blake Wheeler.
2:19 of 1st overtime period - Phil Kessel wins face-off versus Mark Stone in Winnipeg Jets zone.
2:35 of 1st overtime period - Snap shot by Phil Kessel.
2:35 of 1st overtime period - Stopped by Ben Bishop without a rebound.
2:36 of 1st overtime period - Dylan Larkin wins face-off versus Jack Eichel in Ottawa Senators zone.
2:41 of 1st overtime period - Slapshot by Erik Karlsson.
2:41 of 1st overtime period - Shot Blocked by Shayne Gostisbehere.
2:43 of 1st overtime period - Slapshot by Erik Karlsson.
2:43 of 1st overtime period - Stopped by Connor Hellebuyck without a rebound.
2:44 of 1st overtime period - Jack Eichel wins face-off versus Dylan Larkin in Winnipeg Jets zone.
2:49 of 1st overtime period - Slapshot by Shayne Gostisbehere.
2:49 of 1st overtime period - Deflect By Dylan Larkin.
2:49 of 1st overtime period - Stopped by Ben Bishop with a rebound.
3:01 of 1st overtime period - Wrist shot by Brayden Schenn.
3:01 of 1st overtime period - Stopped by Connor Hellebuyck without a rebound.
3:02 of 1st overtime period - Dylan Larkin wins face-off versus Jack Eichel in Winnipeg Jets zone.
3:03 of 1st overtime period - Wrist shot by Brayden Schenn.
3:03 of 1st overtime period - Stopped by Connor Hellebuyck without a rebound.
3:04 of 1st overtime period - Dylan Larkin wins face-off versus Jack Eichel in Winnipeg Jets zone.
3:05 of 1st overtime period - Slapshot by Erik Karlsson.
3:05 of 1st overtime period - Deflect By Dylan Larkin.
3:05 of 1st overtime period - Shot Blocked by Blake Wheeler.
3:05 of 1st overtime period - Puck is out of play.
3:06 of 1st overtime period - Dylan Larkin wins face-off versus Jack Eichel in Winnipeg Jets zone.
3:07 of 1st overtime period - Slapshot by Brayden Schenn.
3:07 of 1st overtime period - Shot Misses the Net.
3:19 of 1st overtime period - Snap shot by Jack Eichel.
3:19 of 1st overtime period - Shot Blocked by Erik Karlsson.
3:21 of 1st overtime period - Snap shot by Shayne Gostisbehere.
3:21 of 1st overtime period - Stopped by Ben Bishop without a rebound.
3:22 of 1st overtime period - Jack Eichel wins face-off versus Dylan Larkin in Ottawa Senators zone.
3:25 of 1st overtime period - Wrist shot by Blake Wheeler.
3:25 of 1st overtime period - Shot Misses the Net.
3:57 of 1st overtime period - Wrist shot by Nikita Kucherov.
3:57 of 1st overtime period - Stopped by Connor Hellebuyck with a rebound.
3:59 of 1st overtime period - Slapshot by Cody Ceci.
3:59 of 1st overtime period - Shot Misses the Net.
4:01 of 1st overtime period - Wrist shot by Mark Stone.
4:01 of 1st overtime period - Goal by Mark Stone - Winnipeg Jets : 1 - Ottawa Senators : 2.
Goals for this period are 0 for Winnipeg Jets vs 1 for Ottawa Senators.
Shots for this period are 3 for Winnipeg Jets vs 6 for Ottawa Senators.